 Dungeon Crawl Stone Soup version 0.27-a0-797-g27d10ad80f (webtiles) character file.

Game seed: 14929357798647163256

65 polve the Slasher (level 3, -3/43 HPs)
             Began as a Demonspawn Abyssal Knight on Mar 27, 2021.
             Was a Follower of Lugonu.
             Slain by a goblin
             ... wielding a +0 dagger
             ... led by Robin
              (4 damage)
             ... on level 2 of the Dungeon.
             The game lasted 00:01:27 (1691 turns).

polve the Slasher (Demonspawn Abyssal Knight)       Turns: 1691, Time: 00:01:28

Health: -3/43      AC: 21    Str: 12    XL:     3   Next: 94%
Magic:  4/4        EV:  2    Int: 14    God:    Lugonu [*.....]
Gold:   34         SH:  0    Dex: 14    Spells: 2/2 levels left

rFire    . . .     SeeInvis .   h - +1 short sword (speed)
rCold    . . .     Faith    .   (no shield)
rNeg     + + +     Spirit   .   (armour currently unavailable)
rPois    +         Reflect  .   (helmet currently unavailable)
rElec    .         Harm     .   (cloak currently unavailable)
rCorr    .         Rampage  .   (gloves currently unavailable)
Will     .....     NoTele   +   (boots currently unavailable)
Stlth    +++.......             (no amulet)
HPRegen  0.14/turn              (no ring)
MPRegen  0.09/turn              (no ring)

@: brilliant, tree-form
A: stationary, stasis, torment immunity, boosted hp, thin skeletal structure 1,
powered by death 1
a: Renounce Religion, Depart the Abyss


You were on level 2 of the Dungeon.
You worshipped Lugonu.
Lugonu was aware of your devotion.
You were a tree.
You visited 1 branch of the dungeon, and saw 2 of its levels.
You visited the Abyss 1 time.

You collected 34 gold pieces.

Inventory:

Hand Weapons
 a - a +1 falchion
 h - a +1 short sword of speed (weapon)
Armour
 b - a +0 leather armour (melded)
 f - a scarf of repulsion
Scrolls
 e - a scroll of blinking {unknown}
 g - a scroll of immolation {unknown}
Potions
 d - a potion of flight


   Skills:
 - Level 3.0 Fighting
 * Level 3.7 Long Blades
 - Level 1.7 Armour
 - Level 0.8 Dodging
 + Level 0.9 Stealth
 - Level 2.4 Invocations


You had 2 spell levels left.
You didn't know any spells.
Your spell library was empty.

Dungeon Overview and Level Annotations

Branches:
Dungeon (2/15)

Altars:

Annotations:
D:2 Robin


Innate Abilities, Weirdness & Mutations

You are a tree.
Your roots penetrate the ground, keeping you stationary.
You cannot be teleported.
You are immune to unholy pain and torment.
Your maximum health is greatly increased.
Your equipment is partially melded.
You have a somewhat thin skeletal structure. (Dex +2, Stealth)
You regenerate a little health from kills.


Message History

Robin roars a battlecry!
The goblins go into a battle-frenzy!
You hit the goblin but do no damage. The goblin barely misses you.
You hit the goblin.
The goblin is severely wounded.
You hit the goblin but do no damage.
The goblin is severely wounded.
The goblin hits you with a +1 dagger of protection.
The goblin misses you.
You are too injured to fight recklessly!
You are too injured to fight recklessly!
You are too injured to fight recklessly!
You are too injured to fight recklessly!
You are too injured to fight recklessly!
You are too injured to fight recklessly!
You are too injured to fight recklessly!
You are too injured to fight recklessly!
You are too injured to fight recklessly!
You are too injured to fight recklessly!
Robin throws the goblin at you! The goblin hits you with a +0 dagger.
The goblin hits you with a +1 dagger of protection.
The goblin hits you but does no damage.
You see here a +0 club.
You barely miss the goblin. The goblin hits you but does no damage.
The goblin hits you with a +1 dagger of protection.
* * * LOW HITPOINT WARNING * * *
It was a potion of brilliance.
You feel clever all of a sudden. The goblin hits you with a +0 club.
* * * LOW HITPOINT WARNING * * *
The goblin hits you but does no damage.
The goblin hits you with a +1 dagger of protection.
* * * LOW HITPOINT WARNING * * *
The goblin hits you with a +0 dagger.
* * * LOW HITPOINT WARNING * * *
It was a potion of lignification.
You turn into a tree.
Your +0 leather armour melds into your body.
Your roots penetrate the ground.
The goblin hits you but does no damage. x3
The goblin hits you with a +0 dagger.
You die...

#### #.. #.#
#################g#######
.....#.....†...g♣gggg....
.....#.#######.##g#gg...#
...........# #.##.# g....
...#...#.### #.##.# ....
...#..>#.# #.##.# ...
...##'##+# #.##.# .#
##.##.# #.##.# # #.##.#
#.##.# #.##.#


You could see Robin, a hobgoblin (strong) and 7 goblins.

Vanquished Creatures
  An iron imp (Abyss:1)
  An adder (D:2)
  A ball python (D:1)
  2 endoplasms (D:1)
  A giant cockroach (D:2)
  4 goblins
  2 jackals (D:1)
  6 kobolds (D:1)
  2 quokkas (D:1)
  A bat (D:1)
  A frilled lizard (D:1)
  4 rats
26 creatures vanquished.

Vanquished Creatures (others)
  A plant (D:1)
1 creature vanquished.

Grand Total: 27 creatures vanquished

Notes
Turn   | Place    | Note
-------+----------+-------------------------------------------
     0 | Abyss:1  | polve the Demonspawn Abyssal Knight began the quest for the
                  | Orb.
     0 | Abyss:1  | Reached XP level 1. HP: 18/18 MP: 2/2
    59 | Abyss:1  | Found a corrupted altar of Lugonu.
   154 | Abyss:1  | Found a broken altar of Ashenzari.
   154 | Abyss:1  | Noticed an iron imp
   170 | Abyss:1  | Killed an iron imp
   171 | Abyss:1  | Gained mutation: You regenerate a little health from kills.
                  | [demonic ancestry]
   171 | Abyss:1  | Reached XP level 2. HP: 11/24 MP: 3/3
   301 | D:1      | Escaped the Abyss
   665 | D:1      | Gained mutation: You have a somewhat thin skeletal
                  | structure. (Dex +2, Stealth) [demonic ancestry]
   665 | D:1      | Reached XP level 3. HP: 29/29 MP: 4/4
   713 | D:1      | Reached * piety under Lugonu
  1680 | D:2      | Noticed Robin
  1690 | D:2      | HP: 1/29 [goblin/+0 dagger[Robin] (1)]
  1691 | D:2      | Slain by a goblin

Illustrated notes

Levels and vault maps discovered:
D:1:      sevenhm_arrival_forest_fort_small_3, layout_basic, serial_forest,
          infiniplex_forest_clump_double, infiniplex_forest_clump_medium,
          infiniplex_forest_clump_medium, infiniplex_forest_straight_3,
          infiniplex_forest_straight_5, infiniplex_forest_corner_1,
          infiniplex_forest_clump_diagonal
D:2:      layout_basic, kennysheep_ying_yang, old_standard_altar,
          chequers_ecumenical_altar_simple, kennysheep_generic_room_2,
          uniq_natasha, uniq_robin

Skill      XL: |  1 |
---------------+----+-----
Long Blades    | 3 |  3.7
Fighting       | |  3.0
Armour         | |  1.7
Dodging        | |  0.8
Stealth        | |  0.9
Invocations    | |  2.4

Action                   || total
-------------------------++-------
Melee: Falchion          ||    72
       Short sword       ||    23
Invok: Depart the Abyss  ||     1
  Use: Potion            ||     3
 Stab: Sleeping          ||     2
Armor: Leather armour    ||    26
       Skin              ||     3
Dodge: Dodged            ||    50
       Rpst.: Falchion   ||    12

Table legend: (Time is in decaauts)
 A = Elapsed time spent in this place.
 B = Non-inter-level travel time spent in this place.
 C = Inter-level travel time spent in this place.
 D = Time resting spent in this place.
 E = Time spent auto-exploring this place.
 F = Levels seen in this place.
 G = Mean time per level.
                   A        B        C        D        E       F      G
               +--------+--------+--------+--------+--------+-----+--------+
         Total |   1699 |   1656 |     43 |      0 |   1402 |   3 |  566.3 |
       Dungeon |   1395 |   1352 |     43 |      0 |   1132 |   2 |  697.5 |
         Abyss |    304 |    304 |      0 |      0 |    270 |   1 |  304.0 |
               +--------+--------+--------+--------+--------+-----+--------+

Top non-repeatable levels by time:
     D:1: 1220 daAuts
 Abyss:1: 304 daAuts
     D:2: 174 daAuts
